 Dungeon Crawl Stone Soup version 0.27-a0-1186-g8b4daa1eef (webtiles) character file.

Game seed: 8889953145529082322

2930 ZappyNine the Blocker (level 9, 0/78 (79) HPs)
             Began as a Minotaur Fighter on May 19, 2021.
             Was a Priest of Vehumet.
             Slain by a wight
             ... wielding a +2 spear
              (7 damage)
             ... on level 7 of the Dungeon.
             The game lasted 00:09:55 (7840 turns).

ZappyNine the Blocker (Minotaur Fighter)            Turns: 7840, Time: 00:09:55

HP:   0/78 (79)     AC: 12    Str: 22    XL:     9   Next: 50%
MP:   14/14         EV: 13    Int:  9    God:    Vehumet [***...]
Gold: 241           SH: 14    Dex: 10    Spells: 11/16 levels left

rFire    . . .     SeeInvis .   v - +1 whip of No Interval {freeze, rPois}
rCold    . . .     Faith    .   c - +3 kite shield
rNeg     . . .     Spirit   .   d - +3 ring mail of the Peculiar Friars {+Inv Int+2}
rPois    +         Reflect  .   (helmet restricted)
rElec    .         Harm     .   n - +2 cloak
rCorr    .         Rampage  .   (no gloves)
Will     .....                  (no boots)
Stlth    ..........             (no amulet)
HPRegen  0.23/turn              l - +4 ring of evasion
MPRegen  0.14/turn              (no ring)

@: marked, hasted, lightly drained, very quick
A: horns 2, retaliatory headbutt
a: Renounce Religion, Evoke Invisibility


You were on level 7 of the Dungeon.
You worshipped Vehumet.
Vehumet was most pleased with you.
You visited 1 branch of the dungeon, and saw 7 of its levels.

You collected 241 gold pieces.

Inventory:

Hand Weapons
 j - a +3 quarterstaff of chaos
 v - the +1 whip of No Interval (weapon) {freeze, rPois}
   (You found it on level 7 of the Dungeon)

   It has been specially enchanted to freeze those struck by it, causing extra
   injury to most foes and up to half again as much damage against particularly
   susceptible opponents.
   It can also slow down cold-blooded creatures.
   It protects you from poison.
Armour
 c - a +3 kite shield (worn)
 d - the +3 ring mail of the Peculiar Friars (worn) {+Inv Int+2}
   (You found it on level 5 of the Dungeon)

   It affects your intelligence (+2).
   It lets you turn invisible.
 g - +0 steam dragon scales
 n - a +2 cloak (worn)
Jewellery
 l - a +4 ring of evasion (left hand)
 q - a ring of fire
 u - a ring of protection from fire
Wands
 i - a wand of flame (5)
 m - a wand of polymorph (2)
 r - a wand of paralysis (8)
Scrolls
 h - a scroll of vulnerability {unknown}
 o - 2 scrolls of immolation
 t - a scroll of amnesia {unknown}
Potions
 a - a potion of curing {unknown}
 f - a potion of lignification
 k - a potion of ambrosia
 s - 3 potions of attraction


   Skills:
 - Level 7.5 Fighting
 - Level 5.5 Maces & Flails
 + Level 6.2 Armour
 + Level 8.4 Shields
 - Level 4.1 Spellcasting
 - Level 3.2 Conjurations
 - Level 1.8 Fire Magic


You had 11 spell levels left.
You knew the following spells:

 Your Spells              Type           Power      Damage    Failure   Level
a - Magic Dart            Conj           28%        1d4       7%          1
b - Sticky Flame          Conj/Fire      6%         2d3       58%         4

Your spell library contained the following spells:

 Spells                   Type           Power      Damage    Failure   Level
 Conjure Flame            Conj/Fire      6%         6-21      24%         3
 Mephitic Cloud           Conj/Pois/Air  3%         N/A       41%         3
 Animate Skeleton         Necr           2%         N/A       67%         1
 Apportation              Tloc           2%         N/A       67%         1
 Corona                   Hex            1%         N/A       67%         1
 Summon Small Mammal      Summ           4%         N/A       67%         1
 Blink                    Tloc           N/A        N/A       82%         2
 Call Imp                 Summ           1%         N/A       82%         2
 Slow                     Hex            1%         N/A       82%         2


Dungeon Overview and Level Annotations

Branches:
Dungeon (7/15)             Temple (0/1) D:5

Altars:
Makhleb
Vehumet

Shops:
D:5 (

Annotations:
D:7 Harold


Innate Abilities, Weirdness & Mutations

You have a pair of horns on your head.
You reflexively headbutt those who attack you in melee.


Message History

The wight barely misses you. You furiously retaliate!
You headbutt the wight, but do no damage.
You block Harold's attack.
You closely miss the wight.
The wight is heavily damaged.
You block the wight's attack.
Your shield prevents you from hitting the wight.
The wight is heavily damaged.
Harold closely misses you.
You barely miss the wight.
The wight is heavily damaged.
You block the wight's attack. Harold hits you with a +0 scimitar!
* * * LOW HITPOINT WARNING * * *
As you read the scroll labelled LAALUM GEOTIV, it crumbles to dust.
You assume a fearsome visage.
Harold looks frightened!
The wight is unaffected.
The orc looks frightened!
It was a scroll of fear.
You hit the wight.
The wight is severely damaged.
You block the wight's attack.
You hit the wight but do no damage.
The wight is severely damaged.
The wight closely misses you.
You hit the wight but do no damage.
You headbutt the wight, but do no damage.
The wight is severely damaged.
You hit the wight. Your headbutt misses the wight.
The wight is severely damaged.
The wight hits you with a +2 spear.
* * * LOW HITPOINT WARNING * * *
You feel drained.
* * * LOW HITPOINT WARNING * * *
You hit the wight.
The wight is almost destroyed.
The wight closely misses you.
You closely miss the wight.
The wight is almost destroyed.
You hit the wight but do no damage.
The wight is almost destroyed.
The wight hits you with a +2 spear!
You die...

........# ........# $.......#
!.......##########
........##......@#
....?...##....##)# #...#
......).......##.# #...#
......)(#.....##.# #...#
........#.....##@# ##...#
.............###z## ##....# ###
........#.##...#..####.....# #..
.......##..........##..#...####..
#..................[.......z).z..
#############..#####[......####..
######..# #.......####..
#....#..####..##..........
#####....#.....#.###....##..##


You could see Harold (fleeing) and a wight.

Vanquished Creatures
  Maggie (D:7)
  A steam dragon (D:7)
  Menkaure (D:7)
  A water moccasin (D:6)
  An ice beast (D:7)
  A sky beast (D:6)
  2 necrophages
  3 ogres
  A centaur (D:4)
  4 phantoms
  2 bullfrogs (D:7)
  5 wights (D:7)
  A howler monkey (D:4)
  A centaur zombie (D:6)
  A bullfrog zombie (D:6)
  5 orc priests (D:4)
  3 jellies
  4 hounds
  Crazy Yiuf (D:5)
  Jessica (D:2)
  2 iguanas
  Terence (D:2)
  Natasha (thrice) (D:2)
  4 orc wizards
  A hound skeleton (D:4)
  A howler monkey zombie (D:6)
  3 gnolls (D:3)
  6 adders
  A howler monkey skeleton (D:5)
  2 adder skeletons (D:4)
  2 worms (D:4)
  2 dart slugs (D:3)
  15 orcs
  5 ball pythons
  3 bats
  2 endoplasms
  3 giant cockroaches
  5 goblins
  8 hobgoblins
  4 jackals
  4 quokkas
  3 frilled lizards
  10 kobolds
  3 rats
133 creatures vanquished.

Vanquished Creatures (others)
  An orc wizard (D:4)
1 creature vanquished.

Grand Total: 134 creatures vanquished

Notes
Turn   | Place    | Note
-------+----------+-------------------------------------------
     0 | D:1      | ZappyNine the Minotaur Fighter began the quest for the Orb.
     0 | D:1      | Reached XP level 1. HP: 19/19 MP: 0/0
   148 | D:1      | Found a faded altar of an unknown god.
   193 | D:1      | Became a worshipper of Vehumet
   193 | D:1      | Reached * piety under Vehumet
   193 | D:1      | Offered knowledge of Freeze by Vehumet.
   292 | D:1      | Reached XP level 2. HP: 27/27 MP: 1/1
   958 | D:2      | Noticed Natasha
   964 | D:2      | Killed Natasha
   965 | D:2      | Reached XP level 3. HP: 30/33 MP: 2/2
  1105 | D:2      | Noticed Natasha
  1117 | D:2      | Killed Natasha
  1118 | D:2      | Reached XP level 4. HP: 24/41 MP: 3/3
  1471 | D:2      | Noticed Terence
  1479 | D:2      | Killed Terence
  1480 | D:2      | Reached skill level 5 in Maces & Flails
  1497 | D:2      | Noticed Jessica
  1506 | D:2      | Reached XP level 5. HP: 34/47 MP: 4/4
  1507 | D:2      | Killed Jessica
  1507 | D:2      | Offered knowledge of Static Discharge by Vehumet.
  1508 | D:2      | Reached skill level 5 in Fighting
  1750 | D:2      | Noticed Natasha
  1942 | D:2      | Killed Natasha
  2094 | D:3      | Reached ** piety under Vehumet
  2111 | D:3      | Reached skill level 1 in Spellcasting
  2453 | D:3      | Noticed a necrophage
  2460 | D:3      | Killed a necrophage
  2461 | D:3      | Reached XP level 6. HP: 56/56 MP: 6/8
  2856 | D:4      | Reached XP level 7. HP: 22/61 MP: 9/11
  2931 | D:4      | Offered knowledge of Stone Arrow by Vehumet.
  3573 | D:4      | Reached skill level 4 in Shields
  3728 | D:4      | Reached *** piety under Vehumet
  3733 | D:4      | Learned a level 1 spell: Magic Dart
  4161 | D:4      | Found a burning altar of Makhleb.
  4292 | D:5      | Entered Level 5 of the Dungeon
  4373 | D:5      | Identified the +3 ring mail of the Peculiar Friars {+Inv
                  | Int+2}
  4543 | D:5      | Reached skill level 5 in Shields
  4543 | D:5      | Reached skill level 1 in Conjurations
  4543 | D:5      | Reached XP level 8. HP: 70/70 MP: 10/13
  4584 | D:5      | Found a staircase to the Ecumenical Temple.
  4899 | D:5      | Found a runed translucent door.
  4900 | D:5      | Noticed Crazy Yiuf
  4984 | D:5      | Found Upuarib's Antique Weapon Shoppe.
  5179 | D:5      | Killed Crazy Yiuf
  5301 | D:6      | Reached skill level 6 in Shields
  5714 | D:6      | Offered knowledge of Sticky Flame by Vehumet.
  5738 | D:6      | Learned a level 4 spell: Sticky Flame
  5850 | D:6      | Reached skill level 1 in Fire Magic
  6197 | D:7      | Reached XP level 9. HP: 50/78 MP: 14/14
  6383 | D:7      | HP: 1/71 [something/ball of steam (8)]
  6827 | D:7      | Reached skill level 7 in Shields
  6833 | D:7      | Noticed Menkaure
  6848 | D:7      | Killed Menkaure
  6890 | D:7      | Noticed Maggie
  7266 | D:7      | Killed Maggie
  7267 | D:7      | Reached skill level 5 in Armour
  7267 | D:7      | Reached skill level 8 in Shields
  7586 | D:7      | Identified the +1 whip of No Interval {freeze, rPois}
  7782 | D:7      | Noticed Harold
  7840 | D:7      | Slain by a wight

Illustrated notes

Levels and vault maps discovered:
D:1:      dpeg_arrival_windows_large_door, layout_basic,
          shapermc_ecumenical_altar_notcrosses
D:2:      layout_rooms, kennysheep_generic_room_16, uniq_terence, uniq_natasha,
          uniq_jessica
D:3:      minmay_angry_zag, layout_rooms, serial_glass, glass_columns_c,
          glass_columns_c
D:4:      layout_cave_pools, lemuel_doored_altar
D:5:      layout_basic, minmay_temple_entry_mist, serial_shops, kennysheep_mini,
          minmay_misc_feat_tower, uniq_crazy_yiuf_cottage
D:6:      layout_loops_ring
D:7:      layout_rooms, uniq_menkaure, uniq_maggie, uniq_harold

Skill      XL: |  1  2  3  4  5  6  7  8  9 |
---------------+----------------------------+-----
Maces & Flails | 3 4 5 |  5.5
Fighting       | 4 5 6 7 |  7.5
Spellcasting   | 2 3 4 |  4.1
Shields        | 5 6 8 |  8.4
Conjurations   | 1 3 |  3.2
Fire Magic     | 1 |  1.8
Armour         | 6 |  6.2

Action                   |  1- 3 |  4- 6 |  7- 9 || total
-------------------------+-------+-------+-------++-------
Melee: Whip              |    65 |   137 |   306 ||   508
       Headbutt          |     4 |    20 |    67 ||    91
       Flail             |     1 |       |       ||     1
       Unarmed           |       |     2 |       ||     2
 Cast: Magic Dart        |       |       |     3 ||     3
  Use: Potion            |       |     4 |     3 ||     7
       Scroll            |       |       |    12 ||    12
Armor: Scale mail        |    13 |    49 |    36 ||    98
       Ring mail         |       |       |    39 ||    39
Dodge: Dodged            |    13 |    38 |   103 ||   154
Block: Kite shield       |    34 |    76 |   171 ||   281

Table legend: (Time is in decaauts)
 A = Elapsed time spent in this place.
 B = Non-inter-level travel time spent in this place.
 C = Inter-level travel time spent in this place.
 D = Time resting spent in this place.
 E = Time spent auto-exploring this place.
 F = Levels seen in this place.
 G = Mean time per level.
                   A        B        C        D        E       F      G
               +--------+--------+--------+--------+--------+-----+--------+
         Total |   7847 |   7705 |    142 |   2281 |   4168 |   7 | 1121.0 |
       Dungeon |   7847 |   7705 |    142 |   2281 |   4168 |   7 | 1121.0 |
               +--------+--------+--------+--------+--------+-----+--------+

Top non-repeatable levels by time:
     D:6: 1959 daAuts
     D:3: 1402 daAuts
     D:2: 1140 daAuts
     D:1: 967 daAuts
     D:5: 928 daAuts
     D:4: 817 daAuts
     D:7: 632 daAuts
